 Dungeon Sprint DCSS version 0.30.1-9-gdf580d7c3d (webtiles) character file.

Game seed: 6528860049136103356

1383 Heoruswealwe the Impaler (level 8, -2/124 HPs)
             Began as a Minotaur Fighter on Sept 27, 2023.
             Was an Initiate of Gozag.
             Slain by a ten-headed hydra (3 damage)
             ... in the Dungeon (Sprint IX: "|||||||||||||||||||||||||||||").
             The game lasted 00:05:00 (278 turns).

Heoruswealwe the Impaler (Minotaur Fighter)          Turns: 278, Time: 00:05:01

Health: -2/124     AC: 20    Str: 27    XL:     8   Next: 40%
Magic:  7/7        EV:  9    Int:  5    God:    Gozag
Gold:   261        SH:  0    Dex:  9    Spells: 7/7 levels left

rFire   . . .        b - +2 halberd (protect)
rCold   . . .        (shield currently unavailable)
rNeg    . . .        c - +0 chain mail
rPois   .            (helmet restricted)
rElec   .            (no cloak)
rCorr   .            f - +0 pair of gloves
SInv    .            (no boots)
Will    .....        (no amulet) Stlth
                     k - +3 ring of strength
HPRegen 0.40/turn    (no ring)
MPRegen 0.10/turn

%: no teleportation
@: mighty, berserking, under a protective aura, hasted, very quick
A: horns 2, retaliatory headbutt
a: Renounce Religion, Potion Petition, Call Merchant, Bribe Branch


You were in the Dungeon.
You worshipped Gozag.
Gozag was aware of your devotion.
You visited 1 branch You collected 261 gold pieces.

Inventory:

Hand Weapons
 a - a +0 trident
 b - a +2 halberd of protection (weapon)
 l - the +7 lajatang of Order {silver, rMut}
   (You found it in the Dungeon)

   rMut:      It protects you from mutation.
Armour
 c - a +0 chain mail (worn)
 d - a +0 buckler
 f - a +0 pair of gloves (worn)
Jewellery
 k - a +3 ring of strength (left hand)
Wands
 h - a wand of quicksilver (10)
Scrolls
 j - a scroll of blinking
Potions
 e - a potion of curing


   Skills:
 + Level 11.8 Fighting
 * Level 15.7 Polearms
 + Level 11.8 Armour
 - Level 3.6 Shields


You had 7 spell levels left.
You didn't know any spells.
Your spell library was empty.

Dungeon Overview and Level Annotations

Branches:
Dungeon (1/1)

Altars:
Cheibriados
Dithmenos
Elyvilon
Fedhas
Gozag
Hepliaklqana
Kikubaaqudgha
Makhleb
Nemelex Xobeh
Okawaru
Qazlal
Ru
Sif Muna
Trog
Uskayaw
Vehumet
Wu Jian
Xom
Yredelemnul
Zin
The Shining One
Jiyva
Lugonu


Innate Abilities, Weirdness & Mutations

You have a pair of horns on your head.
You reflexively headbutt those who attack you in melee.


Message History

You slice one of the seven-headed hydra's heads off!
The six-headed hydra grows two more!
You slash the eight-headed hydra!
The eight-headed hydra is moderately wounded.
You completely miss the eight-headed hydra.
You headbutt the eight-headed hydra!!
The eight-headed hydra is severely wounded.
You barely miss the eight-headed hydra.
The eight-headed hydra is severely wounded.
The tengu warrior hits you from afar with a +0 glaive!
The eight-headed hydra bites you!
* * * LOW HITPOINT WARNING * * *
The eight-headed hydra bites you but does no damage.
The eight-headed hydra bites you.
* * * LOW HITPOINT WARNING * * *
The eight-headed hydra closely misses you.
The eight-headed hydra barely misses you.
The eight-headed hydra bites you!
* * * LOW HITPOINT WARNING * * *
The eight-headed hydra bites you.
* * * LOW HITPOINT WARNING * * *
The eight-headed hydra barely misses you.
You lop one of the eight-headed hydra's heads off!
The seven-headed hydra grows two more!
You puncture the nine-headed hydra!
Your headbutt misses the nine-headed hydra.
The nine-headed hydra is heavily wounded.
You lop one of the nine-headed hydra's heads off!
The eight-headed hydra grows two more!
You puncture the ten-headed hydra! You headbutt the ten-headed hydra!!
The ten-headed hydra is severely wounded.
The tengu warrior hits you from afar with a +0 glaive!
* * * LOW HITPOINT WARNING * * *
The ten-headed hydra bites you.
* * * LOW HITPOINT WARNING * * *
The ten-headed hydra bites you but does no damage.
The ten-headed hydra bites you!
* * * LOW HITPOINT WARNING * * *
The ten-headed hydra bites you but does no damage.
The ten-headed hydra bites you.
You die...
Your body crumbles into a pile of gold.

▓▓▓▓▓▓▓▓▓▓▓▓▓▓▓▓▓▓▓▓▓▓▓▓▓▓▓▓▓
.c.D..$cDcQD@)..=.[.)?!'_____
▓▓▓▓▓▓▓▓▓▓▓▓▓▓▓▓▓▓▓▓▓▓▓▓▓▓▓▓▓
$ $$$


$$$$$ $ $ $ $$$$$ $$$$ You could see a ten-headed hydra, a tengu warrior, 2
centaur warriors and an acid dragon.

Vanquished Creatures
  A manticore (D)
  A gargoyle (D)
  A hornet (D)
  A shadow (D)
  An orc warrior (D)
  An ogre (D)
  2 howler monkeys (D)
  An orc priest (D)
  A hound (D)
  An orc wizard (D)
  A shadow imp (D)
  A dart slug (D)
  2 ball pythons (D)
  A bat (D)
  A frilled lizard (D)
17 creatures vanquished.

Notes
Turn   | Place    | Note
-------+----------+-------------------------------------------
     0 | D        | Heoruswealwe the Minotaur Fighter began the quest for the
                  | Orb.
     0 | D        | Reached XP level 1. HP: 19/19 MP: 0/0
    10 | D        | Reached skill level 3 in Polearms
    21 | D        | Noticed an ogre
    21 | D        | Noticed an orc wizard
    21 | D        | Noticed an orc priest
    21 | D        | Noticed a hound
    24 | D        | Killed a hound
    25 | D        | Reached skill level 5 in Fighting
    25 | D        | Reached skill level 5 in Polearms
    25 | D        | Reached skill level 5 in Armour
    25 | D        | Reached XP level 2. HP: 27/29 MP: 1/1
    25 | D        | Reached XP level 3. HP: 34/36 MP: 2/2
    30 | D        | Reached skill level 6 in Polearms
    37 | D        | Reached skill level 7 in Polearms
    37 | D        | Reached XP level 4. HP: 38/44 MP: 3/3
    43 | D        | Killed an ogre
    44 | D        | Reached skill level 9 in Polearms
    44 | D        | Reached XP level 5. HP: 32/52 MP: 4/4
    52 | D        | Found a snail-covered altar of Cheibriados.
    52 | D        | Found a shadowy altar of Dithmenos.
    52 | D        | Found a white marble altar of Elyvilon.
    52 | D        | Found a blossoming altar of Fedhas.
    52 | D        | Found an opulent altar of Gozag.
    53 | D        | Found a hazy altar of Hepliaklqana.
    54 | D        | Found a viscous altar of Jiyva.
    55 | D        | Found an ancient bone altar of Kikubaaqudgha.
    56 | D        | Found a corrupted altar of Lugonu.
    57 | D        | Found a burning altar of Makhleb.
    58 | D        | Found a sparkling altar of Nemelex Xobeh.
    59 | D        | Found an iron altar of Okawaru.
    60 | D        | Became a worshipper of Gozag Ym Sagoz the Greedy
    61 | D        | Found a stormy altar of Qazlal.
    62 | D        | Found a sacrificial altar of Ru.
    63 | D        | Found a shimmering blue altar of Sif Muna.
    64 | D        | Found a bloodstained altar of Trog.
    65 | D        | Found a hide-covered altar of Uskayaw.
    66 | D        | Found a radiant altar of Vehumet.
    67 | D        | Found an ornate altar of the Wu Jian Council.
    68 | D        | Found a shimmering altar of Xom.
    69 | D        | Found a basalt altar of Yredelemnul.
    70 | D        | Found a glowing silver altar of Zin.
    71 | D        | Found a glowing golden altar of the Shining One.
    79 | D        | Found the +7 lajatang of Order {silver, rMut}
   130 | D        | Noticed an orc warrior
   130 | D        | Noticed a hornet
   130 | D        | Noticed a shadow
   130 | D        | Noticed a gargoyle
   138 | D        | Killed a gargoyle
   139 | D        | Reached skill level 12 in Polearms
   139 | D        | Reached XP level 6. HP: 42/64 MP: 5/5
   140 | D        | Killed a shadow
   141 | D        | Reached skill level 10 in Fighting
   141 | D        | Reached skill level 13 in Polearms
   141 | D        | Reached skill level 10 in Armour
   141 | D        | Reached XP level 7. HP: 22/72 MP: 6/6
   145 | D        | Killed a hornet
   146 | D        | Reached skill level 14 in Polearms
   152 | D        | Reached XP level 8. HP: 47/82 MP: 7/7
   256 | D        | Noticed a centaur warrior
   256 | D        | Noticed a centaur warrior
   256 | D        | Noticed a tengu warrior
   256 | D        | Noticed a six-headed hydra
   256 | D        | Noticed a manticore
   264 | D        | Killed a manticore
   265 | D        | Reached skill level 15 in Polearms
   278 | D        | HP: 1/124 [ten-headed hydra (10)]
   278 | D        | Slain by a ten-headed hydra

Illustrated notes

Levels and vault maps discovered:
D:        linesprint [early_d, line_temple, items_1, d_10, items_2, lair_1,
          lair_end, items_3, orc_1, orc_end, items_4, d_15, swamp_1, shoals_1,
          snake_1, spider_1, d_20, vaults_1, items_5, swamp_end, shoals_end,
          snake_end, spider_end, vaults_end, d_27, items_6, zot_1, zot_end,
          crypt_end, forest_end, elf_end, slime_end, tomb_end, abyss_end,
          pan_hell_end]

Skill      XL: |  1  2  3  4  5  6  7  8 |
---------------+-------------------------+-----
Fighting       | 5 6 7 9 10 11 | 11.8
Polearms       | 5 7 9 12 13 14 15 | 15.7
Armour         | 5 6 7 9 10 11 | 11.8
Shields        | |  3.6

Action                     |  1- 3 |  4- 6 |  7- 9 || total
---------------------------+-------+-------+-------++-------
  Melee: Trident           |    25 |     8 |       ||    33
         Headbutt          |     2 |     4 |     4 ||    10
         Halberd           |       |     9 |    21 ||    30
    Use: Potion            |       |     2 |     8 ||    10
         Scroll            |       |       |     1 ||     1
 Armour: Scale mail        |     8 |     1 |     3 ||    12
         Chain mail        |       |       |    13 ||    13
  Dodge: Dodged            |    12 |     2 |     7 ||    21
  Block: Buckler           |     3 |     1 |       ||     4
